Map: Acid Plant LE

Players

Rel

  • Race: Zerg Zerg
  • League: Diamond
  • Spawn Location: 5:00

FLORENCIO - Winner!

  • Race: Protoss Protoss
  • League: Diamond
  • Spawn Location: 11:00

VOD

Have the link to the VOD?

Description

Time

  • Played on: Jan. 28, 2018, 2:10 p.m.
  • Length: 4:08
Show
View Real Time Build Order
Export as new Build Order

Rel Zerg 

Build Orders: Pool First 

Get SALT Encoding   

  12  0:01  Drone  
  13  0:12  Overlord  
  13  0:17  Drone  
  14  0:30  Drone x2  
  14  0:34  Drone  
  17  0:52  Drone, Spawning Pool  
  17  1:15  Hatchery  
  16  1:20  Drone  
  16  1:22  Drone  
  16  1:23  Extractor  
  16  1:24  Drone  
  18  1:34  Drone  
  19  1:44  Queen  
  19  1:45  Zergling x2  
  22  1:59  Overlord  
  22  2:04  Zergling x2, Roach Warren  
  22  2:17  Drone  
  22  2:19  Queen  
  25  2:25  Zergling x2  
  25  2:27  Zergling x2  
  26  2:38  Zergling x2  
  27  2:49  Zergling x2  
  27  2:50  Zergling x4  
  30  2:55  Spine Crawler  
  30  3:00  Zergling x2  
  31  3:07  Zergling x4  
  31  3:12  Zergling x6  
  27  3:24  Zergling x4  
Show
View Real Time Build Order
Export as new Build Order

FLORENCIO Protoss - Winner!

Build Orders: 1 Gate Expand 

Get SALT Encoding   

  12  0:00  Probe (Chrono Boost)  
  13  0:13  Probe (Chrono Boost)  
  14  0:20  Probe (Chrono Boost)  
  15  0:24  Pylon  
  16  0:42  Probe  
  16  0:54  Gateway  
  16  0:55  Probe  
  16  0:57  Pylon  
  17  1:18  Nexus  
  17  1:27  Forge  
  17  1:40  Pylon  
  17  1:41  Zealot (Chrono Boost)  
  19  2:00  Zealot (Chrono Boost)  
  19  2:01  Photon Cannon  
  19  2:05  Photon Cannon  
  21  2:20  Zealot (Chrono Boost)  
  21  2:22  Photon Cannon  
  23  2:30  Photon Cannon  
  23  2:49  Pylon  
  23  3:08  Photon Cannon x2  
  23  3:18  Photon Cannon  
  23  3:31  Pylon  
  23  3:54  Assimilator  
  23  3:57  Assimilator  
  23  4:01  Photon Cannon  
Tags
 
Add a new tag
Caveats
  • Supply blocks, unpowered buildings, or Contaminate may cause inaccurate times.
  • Supply counts are checked every 10 seconds.